 Dungeon Crawl Stone Soup version 0.23.1-37-gaa34b87 (webtiles) character file.

Game seed: 7346807947001945136

302 night the Magician (level 6, -3/44 HPs)
             Began as a Gnoll Wizard on Mar 26, 2019.
             Was an Initiate of Nemelex Xobeh.
             Slain by Grinder (6 damage)
             ... on level 3 of the Dungeon.
             The game lasted 00:14:40 (2779 turns).

night the Magician (Gnoll Wizard)                   Turns: 2779, Time: 00:14:41

Health: -3/44      AC:  5    Str: 10    XL:     6   Next: 37%
Magic:  16/16      EV: 12    Int: 28    God:    Nemelex Xobeh [......]
Gold:   247        SH:  0    Dex: 13    Spells: 15/19 levels left

rFire    . . .     SeeInvis .   a - +3 dagger (venom)
rCold    . . .     Gourm    .   (no shield)
rNeg     . . .     Faith    .   j - +0 ring mail
rPois    .         Spirit   .   r - +0 hat
rElec    .         Reflect  .   (no cloak)
rCorr    .         Harm     .   (no gloves)
MR       .....                  (no boots)
Stlth    ++........             (no amulet)
HPRegen  0.14/turn              w - +6 ring of intelligence
MPRegen  0.15/turn              (no ring)

@: no status effects
A: distributed training, fangs 1, strong nose
a: Draw Escape, Draw Destruction, Draw Summoning, Renounce Religion


You were on level 3 of the Dungeon.
You worshipped Nemelex Xobeh.
Nemelex Xobeh was noncommittal.
You were not hungry.

You visited 1 branch of the dungeon, and saw 3 of its levels.

You collected 247 gold pieces.

Inventory:

Hand Weapons
 a - a +3 dagger of venom (weapon)
 b - a +0 long sword
Missiles
 f - 59 sling bullets
Armour
 j - a +0 ring mail (worn)
 m - a +0 robe
 r - a +0 hat (worn)
Jewellery
 w - a +6 ring of intelligence (left hand)
Scrolls
 e - 2 scrolls of enchant armour {unknown}
 g - 2 scrolls of identify {unknown}
 i - 2 scrolls of blinking {unknown}
 l - a scroll of fog {unknown}
 n - a scroll of remove curse {unknown}
 o - a scroll of enchant weapon {unknown}
 q - a scroll of magic mapping {unknown}
Potions
 c - 2 potions of flight {unknown}
 k - 2 potions of degeneration {unknown}
 p - a potion of agility
 s - a potion of curing {unknown}
 t - a potion of magic {unknown}
 u - a potion of heal wounds
 v - a potion of cancellation {unknown}
Comestibles
 d - 5 rations
 h - 5 chunks of flesh


   Skills:
 + Level 1.9 Fighting
 + Level 1.9 Short Blades
 + Level 1.9 Long Blades
 + Level 1.9 Axes
 + Level 1.9 Maces & Flails
 + Level 1.9 Polearms
 + Level 1.9 Staves
 + Level 1.9 Slings
 + Level 1.9 Bows
 + Level 1.9 Crossbows
 + Level 1.9 Throwing
 + Level 1.9 Armour
 + Level 4.9 Dodging
 + Level 4.5 Stealth
 + Level 1.9 Shields
 + Level 1.9 Unarmed Combat
 + Level 7.4 Spellcasting
 + Level 2.6 Conjurations
 + Level 1.5 Hexes
 + Level 1.5 Charms
 + Level 2.6 Summonings
 + Level 1.5 Necromancy
 + Level 2.6 Translocations
 + Level 1.5 Transmutations
 + Level 1.5 Fire Magic
 + Level 1.5 Ice Magic
 + Level 1.5 Air Magic
 + Level 1.5 Earth Magic
 + Level 1.5 Poison Magic
 + Level 2.1 Invocations
 + Level 1.9 Evocations


You had 15 spell levels left.
You knew the following spells:

 Your Spells              Type           Power        Failure   Level  Hunger
a - Magic Dart            Conj           ####         4%          1    None
b - Mephitic Cloud        Conj/Pois/Air  ###.....     19%         3    None

Your spell library contained the following spells:

 Spells                   Type           Power        Failure   Level  Hunger
 Blink                    Tloc           N/A          7%          2    None
 Call Imp                 Summ           ####....     7%          2    None
 Slow                     Hex            ###.....     11%         2    None
 Conjure Flame            Conj/Fire      ###.....     17%         3    None


Dungeon Overview and Level Annotations

Branches:
Dungeon (3/15)

Altars:
Nemelex Xobeh
Uskayaw

Annotations:
D:3 Grinder


Innate Abilities, Weirdness & Mutations

Your experience applies equally to all skills.
You have very sharp teeth.
Your uncanny sense of smell can sniff out nearby items.


Message History

You hit Grinder.
Grinder is poisoned.
Grinder is lightly wounded.
Grinder gestures at you.
You suddenly lose the ability to move!
The goblin hits you but does no damage. Grinder hits you but does no damage.
The goblin hits you but does no damage. Grinder hits you.
You writhe in agony.
The goblin hits you but does no damage. Grinder hits you!
The goblin hits you but does no damage. Grinder hits you but does no damage.
The goblin hits you but does no damage. Grinder hits you.
* * * LOW HITPOINT WARNING * * *
You writhe in agony.
* * * LOW HITPOINT WARNING * * *
The goblin hits you with a +0 dagger.
* * * LOW HITPOINT WARNING * * *
The orc hits you but does no damage.
You can move again.
You draw a card...
You have drawn the Cloud.
Clouds appear around you! Grinder hits you.
You die...
Your body disappears without a glow.

................####
>...............#
(...............#
.#######........########
#................
#................
#.......§§§..$...
#######.☼5§§.....
#.§@o§..... #..§g§.....
# #..<☼§..... #
#.......... #
#.......... #
#.......... #
#.......... #
########### # #


You could see Grinder, an orc and a goblin.

Vanquished Creatures
  2 orc priests (D:3)
  Natasha (D:2)
  Terence (D:3)
  2 orc wizards (D:3)
  4 adders
  2 oozes
  3 dart slugs
  A leopard gecko (D:1)
  4 orcs
  5 giant cockroaches
  8 goblins
  8 hobgoblins
  7 jackals
  A ball python (D:3)
  11 bats
  7 frilled lizards
  8 kobolds
  A leopard gecko skeleton (D:2)
  6 rats
82 creatures vanquished.

Notes
Turn   | Place    | Note
-------+----------+-------------------------------------------
     0 | D:1      | night the Gnoll Wizard began the quest for the Orb.
     0 | D:1      | Reached XP level 1. HP: 13/13 MP: 8/8
   273 | D:1      | Reached XP level 2. HP: 19/19 MP: 3/10
   583 | D:1      | Reached XP level 3. HP: 25/25 MP: 5/11
  1005 | D:1      | Reached skill level 1 in Invocations
  1210 | D:2      | Reached skill level 1 in Fighting
  1210 | D:2      | Reached skill level 1 in Short Blades
  1210 | D:2      | Reached skill level 1 in Long Blades
  1210 | D:2      | Reached skill level 1 in Axes
  1210 | D:2      | Reached skill level 1 in Maces & Flails
  1210 | D:2      | Reached skill level 1 in Polearms
  1210 | D:2      | Reached skill level 1 in Staves
  1210 | D:2      | Reached skill level 1 in Slings
  1210 | D:2      | Reached skill level 1 in Bows
  1210 | D:2      | Reached skill level 1 in Crossbows
  1210 | D:2      | Reached skill level 1 in Throwing
  1210 | D:2      | Reached skill level 1 in Armour
  1210 | D:2      | Reached skill level 1 in Shields
  1210 | D:2      | Reached skill level 1 in Unarmed Combat
  1210 | D:2      | Reached skill level 1 in Evocations
  1218 | D:2      | Reached XP level 4. HP: 32/32 MP: 13/13
  1332 | D:2      | Noticed Natasha
  1347 | D:2      | Killed Natasha
  1347 | D:2      | Reached skill level 1 in Hexes
  1347 | D:2      | Reached skill level 1 in Charms
  1347 | D:2      | Reached skill level 1 in Necromancy
  1347 | D:2      | Reached skill level 1 in Transmutations
  1347 | D:2      | Reached skill level 1 in Fire Magic
  1347 | D:2      | Reached skill level 1 in Ice Magic
  1347 | D:2      | Reached skill level 1 in Air Magic
  1347 | D:2      | Reached skill level 1 in Earth Magic
  1347 | D:2      | Reached skill level 1 in Poison Magic
  1450 | D:2      | Reached XP level 5. HP: 36/37 MP: 14/14
  1828 | D:3      | Noticed Terence
  1829 | D:3      | Killed Terence
  1846 | D:3      | Found a sparkling altar of Nemelex Xobeh.
  1859 | D:3      | Became a worshipper of Nemelex Xobeh the Trickster
  2051 | D:3      | Learned a level 3 spell: Mephitic Cloud
  2070 | D:3      | Reached XP level 6. HP: 43/44 MP: 16/16
  2170 | D:3      | Received a gift from Nemelex Xobeh
  2433 | D:3      | Found a hide-covered altar of Uskayaw.
  2767 | D:3      | Noticed Grinder
  2773 | D:3      | Paralysed by Grinder for 5 turns
  2779 | D:3      | Slain by Grinder

Skill      XL: |  1  2  3  4  5  6 |
---------------+-------------------+-----
Conjurations   | 2 |  2.6
Summonings     | 2 |  2.6
Translocations | 2 |  2.6
Invocations    | 1 2 |  2.1
Fighting       | 1 |  1.9
Short Blades   | 1 |  1.9
Long Blades    | 1 |  1.9
Axes           | 1 |  1.9
Maces & Flails | 1 |  1.9
Polearms       | 1 |  1.9
Staves         | 1 |  1.9
Slings         | 1 |  1.9
Bows           | 1 |  1.9
Crossbows      | 1 |  1.9
Throwing       | 1 |  1.9
Armour         | 1 |  1.9
Shields        | 1 |  1.9
Unarmed Combat | 1 |  1.9
Evocations     | 1 |  1.9
Hexes          | 1 |  1.5
Charms         | 1 |  1.5
Necromancy     | 1 |  1.5
Transmutations | 1 |  1.5
Fire Magic     | 1 |  1.5
Ice Magic      | 1 |  1.5
Air Magic      | 1 |  1.5
Earth Magic    | 1 |  1.5
Poison Magic   | 1 |  1.5
Dodging        | |  4.9
Stealth        | |  4.5
Spellcasting   | |  7.4

Action                   |  1- 3 |  4- 6 || total
-------------------------+-------+-------++-------
Melee: Unarmed           |    39 |       ||    39
       Bite              |     4 |     8 ||    12
       Dagger            |    41 |   133 ||   174
       Long sword        |       |     2 ||     2
       Punch             |       |     2 ||     2
 Cast: Magic Dart        |    27 |       ||    27
 Abil: Draw Escape       |       |     1 ||     1
 Stab: Sleeping          |     6 |     6 ||    12
  Eat: Chunk             |     1 |     5 ||     6
Armor: Robe              |     4 |       ||     4
       Ring mail         |    18 |    56 ||    74
Dodge: Dodged            |    58 |    99 ||   157
